 Dungeon Crawl Stone Soup version 0.19.1 (webtiles) character file.

175 Patate the Covert (level 5, 0/24 HPs)
             Began as a Spriggan Enchanter on Dec 25, 2016.
             Slain by a quokka (3 damage)
             ... on level 5 of the Dungeon.
             The game lasted 00:16:31 (5517 turns).

Patate the Covert (Spriggan Enchanter)              Turns: 5517, Time: 00:16:31

Health: 0/24       AC:  3    Str:  5      XL:     5   Next: 29%
Magic:  10/10      EV: 18    Int: 22      God:
Gold:   193        SH:  0    Dex: 12 (17) Spells: 3 memorised, 3 levels left

rFire  + . .     SeeInvis +     (weapon restricted)
rCold  . . .     Gourm    .     b - +1 robe
rNeg   . . .     Faith    .     (shield restricted)
rPois  .         Spirit   .     (helmet restricted)
rElec  .         Reflect  .     (no cloak)
rCorr  .         Harm     .     (gloves unavailable)
MR     .....                    (boots unavailable)
Stlth  +++.......               (no amulet)
                                l - +6 ring of intelligence
                                k - ring of protection from fire

@: heavily drained, very quick
A: unfitting armour, see invisible, herbivore 3, speed 3, slow metabolism 2
a: no special abilities


You were on level 5 of the Dungeon.
You were not hungry.

You visited 1 branch of the dungeon, and saw 6 of its levels.

You collected 193 gold pieces.

Inventory:

Armour
 b - a +1 robe (worn)
Jewellery
 k - a ring of protection from fire (left hand)
 l - a +6 ring of intelligence (right hand)
Scrolls
 h - a scroll of blinking
 p - a scroll of recharging
Potions
 a - a potion of haste {unknown}
 g - a potion of invisibility
 i - a potion of mutation {unknown}
 n - a potion of flight
 s - 4 potions of ambrosia {unknown}
 t - a potion of agility {unknown}
Books
 c - a book of Maledictions

   Spells                             Type                      Level
   a - Corona                         Hexes                        1
   b - Ensorcelled Hibernation        Hexes/Ice                    2
   c - Confuse                        Hexes                        3
   d - Tukima's Dance                 Hexes                        3
   e - Dazzling Spray                 Conjuration/Hexes            3
 r - a book of Misfortune

   Spells                             Type                      Level
   a - Confusing Touch                Hexes                        1
   b - Confuse                        Hexes                        3
   c - Gell's Gravitas                Hexes/Translocation          3
   d - Petrify                        Transmutation/Earth          4
   e - Metabolic Englaciation         Hexes/Ice                    5
   f - Yara's Violent Unravelling     Hexes/Transmutation          5
Comestibles
 d - a bread ration


   Skills:
   Level 1.1(0.0) Short Blades
 + Level 5.3(3.7) Dodging
 * Level 8.0(6.3) Stealth
 - Level 2.6(1.2) Spellcasting
 - Level 3.6(2.1) Hexes


You had 3 spell levels left.
You knew the following spells:

 Your Spells              Type           Power        Failure   Level  Hunger
a - Corona                Hex            ##.....      10%         1    ##.....
b - Ensorcelled Hibernat  Hex/Ice        #.....       17%         2    ###....
c - Confuse               Hex            ##......     21%         3    ####...


Dungeon Overview and Level Annotations

Branches:
Dungeon (6/15)
 Temple: D:4-7

Altars:

Annotations:
D:5 Sigmund


Innate Abilities, Weirdness & Mutations

You are very small and have problems with some larger weapons.
You are too small for most types of armour.
You have supernaturally acute eyesight. (SInv)
You are a herbivore.
You cover ground extremely quickly.
You need consume almost no food.


Message History

* * * LOW HITPOINT WARNING * * *
You closely miss the quokka.
The quokka is heavily wounded.
The quokka barely misses you.
You barely miss the quokka.
The quokka is heavily wounded.
The quokka misses you.
You miss the quokka.
The quokka is heavily wounded.
The quokka bites you.
* * * LOW HITPOINT WARNING * * *
You barely miss the quokka.
The quokka is heavily wounded.
The quokka closely misses you.
Okay, then.
Unknown command.
You hit the quokka.
The quokka is severely wounded.
The quokka misses you. The quokka bites you.
You die...

##################
................@#
###..###########r#
.....# #.# ###.##
#.# #.# #(# #.#
... #.# .## #.# .


You could see a quokka.

Vanquished Creatures
  Terence (D:2)
  A hound zombie (D:5)
  6 adders
  An adder skeleton (D:4)
  2 worms
  2 dart slugs
  2 leopard geckos
  An orc (D:3)
  4 giant cockroaches
  5 goblins
  11 hobgoblins
  3 jackals
  4 kobolds
  A quokka (D:3)
  9 bats
  5 frilled lizards
  9 rats
67 creatures vanquished.

Notes
Turn   | Place    | Note
-------+----------+-------------------------------------------
     0 | D:1      | Patate the Spriggan Enchanter began the quest for the Orb.
     0 | D:1      | Reached XP level 1. HP: 9/9 MP: 5/5
   116 | D:1      | Reached skill level 5 in Stealth
   128 | D:1      | Reached XP level 2. HP: 11/13 MP: 6/6
   212 | D:1      | You fall through a shaft!
   484 | D:2      | Learned a level 2 spell: Ensorcelled Hibernation
  1022 | D:1      | Reached XP level 3. HP: 16/16 MP: 4/8
  1624 | D:2      | Reached skill level 6 in Stealth
  2032 | D:2      | Noticed Terence
  2039 | D:2      | Killed Terence
  2039 | D:2      | Reached XP level 4. HP: 21/21 MP: 9/9
  2053 | D:2      | Reached skill level 7 in Stealth
  2322 | D:2      | Learned a level 3 spell: Confuse
  3022 | D:3      | Reached skill level 5 in Dodging
  3022 | D:3      | Reached XP level 5. HP: 24/24 MP: 10/10
  3416 | D:4      | Noticed a phantom
  3646 | D:4      | HP: 1/24 [iguana (11)]
  4315 | D:5      | Entered Level 5 of the Dungeon
  4577 | D:5      | Noticed Sigmund
  4676 | D:5      | Reached skill level 8 in Stealth
  4998 | D:5      | Noticed a centaur
  5517 | D:5      | Slain by a quokka

Skill      XL: |  1  2  3  4  5 |
---------------+----------------+-----
Stealth        | 5 6 7 8 |  8.0
Dodging        | 4 5 |  5.3
Short Blades   | |  1.1
Spellcasting   | |  2.6
Hexes          | |  3.6

Action                   |  1- 3 |  4- 6 || total
-------------------------+-------+-------++-------
Melee: Dagger            |   162 |    71 ||   233
       Unarmed           |       |   176 ||   176
 Cast: Ensorcelled Hiber |    14 |     8 ||    22
       Confuse           |       |     5 ||     5
  Use: Scroll            |     4 |     8 ||    12
       Potion            |     1 |     3 ||     4
 Stab: Sleeping          |    14 |    21 ||    35
       Confused          |       |     1 ||     1
  Eat: Pizza             |       |     2 ||     2
       Bread ration      |       |     1 ||     1
Armor: Robe              |    26 |    45 ||    71
Dodge: Dodged            |   143 |   273 ||   416
